Map: Dusk Towers

Players

NeverBorn - Winner!

  • Race: Terran Terran
  • League: Silver
  • Spawn Location: 1:00

Fropez

  • Race: Protoss Protoss
  • League: Silver
  • Spawn Location: 7:00

VOD

Have the link to the VOD?

Description

Time

  • Played on: Feb. 12, 2016, 2:16 p.m.
  • Length: 15:01
Show
View Real Time Build Order
Export as new Build Order

NeverBorn Terran - Winner!

Build Orders: MMM Bio 

Get SALT Encoding   

  12  0:00  SCV  
  13  0:13  SCV  
  14  0:17  Supply Depot  
  14  0:25  SCV  
  15  0:39  SCV  
  15  0:40  Barracks  
  16  0:51  SCV  
  16  0:55  Supply Depot  
  17  1:03  SCV  
  18  1:15  SCV  
  19  1:26  Command Center  
  19  1:33  Orbital Command  
  19  1:36  Marine  
  20  1:53  Refinery  
  20  1:55  Refinery  
  20  2:00  SCV  
  21  2:09  Marine  
  21  2:12  SCV  
  23  2:24  SCV  
  23  2:27  Barracks  
  23  2:28  Barracks  
  24  2:30  Marine  
  24  2:37  SCV  
  26  2:43  Orbital Command  
  26  2:48  Marine  
  26  2:49  SCV  
  28  3:06  SCV  
  28  3:07  Engineering Bay  
  28  3:09  Engineering Bay  
  28  3:12  SCV  
  30  3:16  Barracks Tech Lab  
  30  3:18  SCV, Barracks Tech Lab  
  31  3:20  Marine  
  31  3:24  SCV  
  33  3:30  SCV  
  34  3:36  Terran Infantry Weapons Level 1, Terran Infantry Armor Level 1  
  34  3:42  Refinery  
  34  3:43  SCV  
  34  3:44  SCV  
  36  3:49  Marine, Refinery  
  37  3:55  Stimpack  
  37  3:58  Combat Shields  
  37  4:03  Marauder  
  37  4:08  Marauder  
  37  4:09  SCV  
  42  4:12  SCV  
  43  4:21  SCV  
  43  4:23  Factory  
  44  4:28  Supply Depot  
  44  4:34  Barracks Reactor, Supply Depot  
  44  4:35  Missile Turret  
  44  4:39  SCV, Missile Turret  
  44  4:40  SCV  
  46  4:50  Marine x2  
  46  4:51  SCV  
  49  4:56  SCV, Supply Depot  
  50  5:03  SCV  
  51  5:08  Armory  
  51  5:09  SCV  
  52  5:14  Starport  
  52  5:15  Factory Reactor, SCV  
  52  5:19  Marine x3, Marauder  
  58  5:21  SCV  
  59  5:33  SCV x2  
  61  5:36  Marine  
  61  5:37  Marine, Supply Depot, Marauder  
  61  5:40  Marine  
  66  5:45  SCV x2  
  68  5:54  Marine x2  
  70  5:57  Terran Infantry Armor Level 2, Terran Infantry Weapons Level 2  
  70  5:59  SCV x2  
  70  6:01  Medivac  
  74  6:05  Supply Depot  
  74  6:07  Supply Depot  
  74  6:08  Marine  
  74  6:11  SCV x2  
  77  6:14  Marine  
  77  6:17  Marine  
  78  6:35  Command Center  
  78  6:38  Barracks  
  78  6:39  Marine x2  
  80  6:42  Barracks, Medivac  
  80  6:44  Marine, Supply Depot  
  80  6:45  Marine  
  84  6:56  Supply Depot  
  84  6:59  Supply Depot  
  84  7:00  Concussive Shells  
  84  7:01  Medivac  
  86  7:08  SCV  
  86  7:09  SCV  
  86  7:10  Missile Turret  
  86  7:12  Medivac  
  90  7:31  Medivac  
  90  7:33  Marine x2  
  90  7:34  Marauder x2  
  100  7:37  Barracks Tech Lab  
  100  7:39  Barracks Reactor  
  98  7:51  Marine x2, Orbital Command  
  98  7:55  Marauder x2  
  104  8:00  Hellion  
  106  8:08  Marine  
  106  8:09  Marine x2, Supply Depot x2  
  106  8:11  Supply Depot  
  106  8:12  Medivac  
  111  8:15  Medivac  
  111  8:16  Marauder  
  111  8:17  SCV, Marauder  
  118  8:26  Marine x2  
  119  8:34  Terran Infantry Weapons Level 3, Terran Infantry Armor Level 3  
  120  8:36  Orbital Command  
  120  8:40  Marine x2, Marauder  
  124  8:59  Medivac  
  124  9:00  Hellion, Medivac  
  130  9:07  SCV x3  
  133  9:15  Bunker  
  133  9:18  Bunker  
  133  9:19  SCV, Missile Turret  
  134  9:28  Barracks x2  
  134  9:30  Barracks  
  134  9:36  Medivac x2  
  138  9:42  Refinery  
  138  9:43  Refinery  
  138  9:44  SCV x2  
  140  9:55  Terran Vehicle And Ship Armor Level 1  
  140  9:56  Marine x2  
  140  9:57  Marine x2, Marauder  
  140  9:58  Marine  
  147  10:21  Barracks Reactor x2, Barracks Tech Lab  
  147  10:38  Supply Depot  
  147  10:41  Missile Turret  
  145  10:43  Missile Turret  
  145  10:48  Marine  
  145  10:49  Marine, Marauder x2  
  151  10:50  SCV x2  
  151  10:51  SCV  
  154  11:02  SCV  
  154  11:03  SCV  
  156  11:06  Supply Depot  
  156  11:07  Supply Depot  
  156  11:11  Hi-Sec Auto Tracking, Building Armor  
  156  11:16  Marine x3, Marauder  
  156  11:17  Marauder  
  158  11:26  Marine x2  
  158  11:27  Marine x2, Marauder x2  
  153  11:33  Marine  
  153  11:34  Marine  
  153  11:38  Marauder x2  
  154  11:40  Marine x2  
  154  11:42  Command Center  
  154  11:44  Marine x3  
  154  11:45  Marine  
  154  11:48  Marauder x2  
  154  11:50  Marine  
  154  11:51  Marine  
  151  11:57  Marine  
  151  11:58  Marine  
  151  11:59  Marauder x2  
  154  12:02  Marine x3  
  154  12:03  Marine  
  154  12:05  Medivac x2  
  154  12:06  Missile Turret  
  159  12:09  Marauder  
  159  12:10  Marauder  
  159  12:13  Marine x2  
  159  12:15  Marine x2  
  163  12:19  Marine  
  163  12:20  Marauder  
  163  12:21  Supply Depot, Marauder  
  170  12:31  Neosteel Frame, Marauder x2  
  170  12:32  Terran Vehicle And Ship Armor Level 2  
  170  12:35  Medivac x2  
  178  12:42  Marauder  
  178  12:43  Marauder  
  182  12:45  Command Center  
  182  12:50  Command Center  
  182  12:52  Supply Depot, Marauder  
  182  12:54  Marine  
  182  12:55  Marine x2, Marauder  
  189  13:03  Marauder  
  189  13:04  Marauder  
  190  13:14  Marauder  
  178  13:34  Marine x2  
  178  13:35  Marine x3, Marauder x3  
  178  13:36  Marine x2, Marauder  
  178  13:37  Medivac x2  
  197  13:56  Marauder  
  199  14:19  Marine  
  200  14:27  Marine x2, Marauder  
  200  14:34  Orbital Command x2  
Show
View Real Time Build Order
Export as new Build Order

Fropez Protoss 

Build Orders:  

Get SALT Encoding   

  12  0:23  Probe (Chrono Boost)  
  12  0:26  Pylon  
  13  0:31  Pylon  
  13  0:34  Probe (Chrono Boost)  
  14  0:44  Probe (Chrono Boost)  
  15  0:56  Gateway  
  15  0:58  Gateway  
  15  1:00  Probe (Chrono Boost)  
  16  1:15  Probe (Chrono Boost), Assimilator  
  17  1:20  Assimilator  
  17  1:28  Probe (Chrono Boost)  
  18  1:38  Probe (Chrono Boost)  
  19  1:49  Probe (Chrono Boost), Cybernetics Core  
  20  1:59  Probe (Chrono Boost)  
  21  2:17  Nexus  
  21  2:29  Pylon, Probe (Chrono Boost)  
  21  2:53  Zealot  
  23  3:00  Probe (Chrono Boost)  
  23  3:04  Warp Gate (Chrono Boost)  
  24  3:11  Probe  
  25  3:23  Probe  
  26  3:28  Probe  
  27  3:35  Pylon  
  27  3:37  Probe  
  27  3:39  Stalker  
  27  3:41  Stalker  
  32  3:56  Twilight Council  
  32  3:58  Probe, Assimilator  
  33  4:03  Probe, Assimilator  
  34  4:10  Pylon, Mothership Core  
  34  4:14  Probe  
  37  4:21  Stalker  
  39  4:24  Probe  
  40  4:31  Probe  
  40  4:34  Robotics Facility  
  41  4:41  Blink (Chrono Boost)  
  41  4:43  Probe  
  41  4:44  Probe  
  43  4:55  Probe  
  43  4:56  Probe  
  45  5:15  Pylon  
  45  5:22  Pylon  
  45  5:24  Stalker  
  45  5:25  Stalker  
  45  5:27  Probe  
  45  5:28  Probe  
  51  5:39  Probe  
  51  5:40  Probe  
  53  5:43  Gateway x2  
  53  5:46  Gateway  
  53  5:49  Observer  
  54  5:51  Pylon, Probe  
  54  5:52  Probe  
  56  6:03  Probe  
  56  6:04  Probe, Stalker x2  
  59  6:11  Observer  
  63  6:22  Probe  
  63  6:24  Probe  
  65  6:38  Probe  
  65  6:39  Probe  
  67  6:46  Observer (Chrono Boost)  
  68  6:50  Probe, Stalker x2  
  68  6:51  Probe  
  74  7:00  Forge  
  74  7:01  Pylon, Forge  
  74  7:02  Probe  
  74  7:03  Probe  
  74  7:06  Observer (Chrono Boost)  
  77  7:14  Probe  
  79  7:15  Probe  
  79  7:25  Observer (Chrono Boost)  
  79  7:39  Photon Cannon x2  
  79  7:40  Photon Cannon  
  79  7:42  Photon Cannon  
  79  7:43  Observer (Chrono Boost)  
  79  7:46  Stalker x3  
  79  7:47  Stalker x2  
  89  7:58  Probe  
  90  7:59  Probe  
  91  8:10  Probe  
  91  8:11  Probe  
  92  8:15  Pylon  
  92  8:17  Nexus  
  92  8:24  Nexus  
  92  8:28  Assimilator  
  92  8:32  Assimilator  
  92  8:35  Pylon  
  92  8:38  Gateway  
  92  8:39  Gateway  
  92  8:40  Robotics Bay  
  92  8:43  Robotics Facility  
  92  8:45  Assimilator  
  91  8:49  Assimilator  
  91  8:53  Pylon, Protoss Ground Weapons Level 1 (Chrono Boost), Protoss Ground Armor Level 1 (Chrono Boost), Observer (Chrono Boost)  
  92  8:56  Pylon  
  92  9:01  Probe  
  92  9:11  Stalker x3  
  92  9:12  Stalker  
  92  9:13  Observer  
  101  9:36  Observer (Chrono Boost)  
  102  9:38  Probe  
  102  9:39  Probe x3  
  102  9:43  Colossus (Chrono Boost)  
  112  9:55  Zealot x2  
  112  9:56  Zealot  
  118  10:03  Photon Cannon  
  117  10:10  Pylon  
  117  10:18  Probe x2  
  118  10:31  Probe  
  118  10:32  Probe  
  118  10:33  Probe x2  
  128  10:36  Photon Cannon  
  128  10:37  Stalker x3  
  128  10:38  Pylon, Stalker x2  
  128  10:42  Pylon  
  138  10:43  Probe  
  138  10:59  Pylon, Zealot x2  
  90  11:38  Zealot x5  
  90  11:39  Zealot x2  
  65  12:10  Immortal  
  65  12:12  Zealot x3  
  65  12:13  Zealot x3  
  65  12:14  Zealot  
  65  12:15  Probe x2  
  76  12:16  Probe  
  78  12:29  Dark Shrine  
  78  12:35  Photon Cannon  
  78  12:38  Gateway  
  78  12:39  Gateway, Photon Cannon  
  78  12:46  Probe  
  78  12:47  Probe, Photon Cannon  
  78  12:50  Immortal  
  84  12:51  Pylon  
  84  13:07  Nexus  
  84  13:11  Pylon, Assimilator  
  80  13:13  Pylon, Stalker x3  
  80  13:14  Pylon, Stalker x4  
  80  13:16  Assimilator  
  88  13:20  Pylon  
  78  13:46  Dark Templar x3  
  78  13:47  Dark Templar x4  
  86  14:20  Dark Templar x5  
  96  14:30  Gateway, Mothership Core  
  80  14:32  Gateway  
  80  14:35  Pylon  
  80  14:38  Pylon  
  80  14:40  Pylon  
  80  14:44  Pylon  
  80  14:45  Pylon  
  65  14:46  Pylon  
Tags
 
Composition
MMM Bio
Matchup
PvT
Replay Pack
All Mines
Spawn Locations
Cross Positions
Add a new tag
Caveats
  • Supply blocks, unpowered buildings, or Contaminate may cause inaccurate times.
  • Supply counts are checked every 10 seconds.